AoeStats
← Khirs

Oasis

507789358Analyzed
4v4 RM · 12d ago on Sep 19, 2026· 55m 47s· 8 players
Game mode
Random Map
Map size
Large (8 player)
Population
200
Speed
Normal
Resources
Standard
Victory
Conquest
Starting age
Dark Age
Ending age
Imperial Age
RankedLock teamsTeams togetherTeam positionsShared explorationLock speedFull tech treeHidden civsTurbo modeCheats
Victory
Defeat
🇵🇪 Bohemians · Peru
822
+10
🇬🇧 Saracens · United Kingdom
822
+10
🇹🇷 Wu · Türkiye
804
+11
🇪🇸 Chinese · Spain
790
+12
🇬🇧 Koreans · United Kingdom
739
-13
🇨🇴 Japanese · Colombia
734
-18
🇪🇬 Vietnamese · Egypt
649
-9
🇪🇸 Khmer · Spain
646
-9
filx3000p
0:34 Loom
11:15 Feudal Age
12:02 Gold Mining
12:01 Double-Bit Axe
14:06 Wheelbarrow
20:10 Castle Age
18:41 Stone Mining
22:38 Caravan
24:09 Bow Saw
23:49 Horse Collar
30:13 Hand Cart
31:59 Heavy Plow
34:34 Imperial Age
32:50 Pikeman
33:52 Scale Barding Armor
36:26 Chain Barding Armor
36:53 Conscription
37:42 Husbandry
37:52 Bloodlines
37:50 Elite Ballista Elephant
44:12 Plate Barding Armor
46:09 Elite Battle Elephant
mfouad134
12:35 Feudal Age
12:56 Horse Collar
13:04 Double-Bit Axe
14:00 Wheelbarrow
19:54 Castle Age
18:15 Gold Mining
20:37 Heavy Plow
20:51 Bow Saw
20:34 Stone Mining
21:04 Hand Cart
20:51 Elite Skirmisher
26:46 Caravan
31:51 Imperial Age
29:42 Padded Archer Armor
29:33 Fletching
30:30 Town Watch
32:04 Bodkin Arrow
32:25 Leather Archer Armor
32:23 Fortified Wall
31:55 Treadmill Crane
33:33 Chemistry
32:41 Siege Engineers
32:18 Treadmill Crane
34:15 Two-Man Saw
34:23 Thumb Ring
33:39 Imperial Skirmisher
35:53 Bracer
36:24 Ring Archer Armor
36:38 Ballistics
36:30 Fortified Wall
45:10 Murder Holes
Monkey
0:36 Loom
11:57 Feudal Age
13:58 Stone Mining
14:13 Gold Mining
15:45 Double-Bit Axe
19:44 Horse Collar
22:39 Castle Age
21:31 Fletching
23:21 Bodkin Arrow
25:14 Man-at-Arms
28:58 Long Swordsman
andres.matamoros88
11:43 Feudal Age
13:09 Wheelbarrow
13:26 Double-Bit Axe
19:18 Gold Mining
19:07 Man-at-Arms
24:06 Castle Age
23:37 Horse Collar
25:37 Stone Mining
26:53 Fletching
30:33 Heavy Plow
31:17 Bow Saw
32:00 Gold Shaft Mining
32:47 Hand Cart
32:52 Gambesons
35:45 Fortified Wall
38:13 Yasama
38:07 Guard Tower
38:32 Padded Archer Armor
38:27 Bodkin Arrow
39:22 Ballistics
41:20 Long Swordsman
45:08 Scale Barding Armor
45:03 Scale Mail Armor
45:14 Forging
46:02 Crossbowman
Khirs
0:37 Loom
13:05 Feudal Age
13:51 Double-Bit Axe
15:03 Horse Collar
24:02 Castle Age
22:56 Fletching
23:02 Stone Mining
23:08 Gold Mining
25:10 Bow Saw
27:56 Stone Shaft Mining
32:00 Imperial Age
31:02 Fortified Wall
33:43 Gold Shaft Mining
33:50 Conscription
34:19 Wheelbarrow
34:48 Two-Man Saw
35:09 Rocketry
35:06 Bodkin Arrow
36:04 Heavy Plow
36:48 Ballistics
36:51 Hand Cart
37:20 Bracer
36:58 Pikeman
37:37 Halberdier
38:52 Great Wall
40:43 Chemistry
39:42 Murder Holes
39:33 Arrowslits
40:29 Scale Mail Armor
42:04 Padded Archer Armor
42:15 Forging
42:33 Elite Chu Ko Nu
43:25 Arson
43:59 Leather Archer Armor
46:43 Chain Mail Armor
| Hooligan |
10:52 Feudal Age
10:48 Loom
20:08 Castle Age
19:07 Double-Bit Axe
19:19 Horse Collar
21:38 Bow Saw
21:37 Heavy Plow
25:13 Wheelbarrow
26:34 Forging
27:11 Scale Barding Armor
28:00 Hand Cart
30:16 Iron Casting
32:30 Imperial Age
31:12 Chain Barding Armor
32:24 Scale Mail Armor
33:01 Bimaristan
34:02 Elite Mameluke
34:56 Counterweights
35:53 Arrowslits
37:09 Chemistry
37:19 Blast Furnace
38:22 Chain Mail Armor
38:39 Gold Mining
38:39 Stone Mining
38:40 Gold Mining
38:40 Stone Mining
46:17 Plate Barding Armor
46:13 Plate Mail Armor
49:36 Fletching
55:58 Ballistics
marshall_o18
0:59 Loom
10:34 Feudal Age
17:45 Castle Age
16:27 Double-Bit Axe
28:03 Imperial Age
28:43 Chemistry
28:52 Pikeman
34:30 Arson
34:52 Halberdier
35:33 Squires
Poexs
5:29 Loom
12:01 Feudal Age
12:35 Double-Bit Axe
15:27 Man-at-Arms
16:04 Horse Collar
25:41 Castle Age
25:11 Stone Mining
25:11 Gold Mining
25:55 Town Watch
26:45 Wheelbarrow
26:33 Padded Archer Armor
27:43 Leather Archer Armor
27:19 Fletching
28:43 Elite Skirmisher
34:04 Ballistics
37:31 Imperial Age
37:26 Bow Saw
37:20 Heavy Plow
37:59 Stone Shaft Mining
38:00 Gold Shaft Mining
40:45 Conscription
43:18 Two-Man Saw
45:51 Scale Barding Armor
45:58 Forging
46:54 Husbandry
47:05 Bloodlines
46:15 Heavy Hei Guang Cavalry
49:01 Chain Barding Armor
49:17 Iron Casting
49:59 Heavy Hei Guang Cavalry
51:28 Plate Barding Armor
Connection lost

Rejoining the realm…

Still unreachable

The connection could not be restored.

Session expired

The server has moved on; the page needs a fresh start.